 Dungeon Crawl Stone Soup version 0.30-a0-4-ga7cffc901d (webtiles) character file.

Game seed: 7396272667184125813

477 Setbun the Slicer (level 7, -1/40 HPs)
             Began as a Kobold Brigand on Aug 21, 2022.
             Was an Initiate of Okawaru.
             Killed from afar by Blork the orc (11 damage)
             ... with a puff of frost
             ... on level 5 of the Dungeon.
             The game lasted 00:04:38 (5017 turns).

Setbun the Slicer (Kobold Brigand)                  Turns: 5017, Time: 00:04:39

Health: -1/40      AC:  3    Str:  8    XL:     7   Next: 33%
Magic:  0/7        EV: 14    Int: 12    God:    Okawaru [......]
Gold:   228        SH:  0    Dex: 19    Spells: 6/6 levels left

rFire   + . .      SeeInvis .    q - +2 short sword (holy)
rCold   . . .      Faith    .    (no shield)
rNeg    . . .      Spirit   +    b - +0 robe
rPois   .          Reflect  .    (no helmet)
rElec   .          Harm     .    c - +0 cloak
rCorr   .          Rampage  .    (no gloves)
Will    .....                    (no boots)
Stlth   ++++......               r - amulet of guardian spirit
HPRegen 0.13/turn                k - ring of protection from fire
MPRegen 0.10/turn                (no ring)

@: lethally poisoned (-1 -> -5)
A: small, no large weapons, nightstalker 3
a: Renounce Religion


You were on level 5 of the Dungeon.
You worshipped Okawaru.
Okawaru was noncommittal.
You visited 2 branches of the dungeon, and saw 6 of its levels.

You collected 228 gold pieces.

Inventory:

Hand Weapons
 a - a +2 dagger
 q - a +2 short sword of holy wrath (weapon)
Missiles
 d - 18 poisoned darts (quivered)
 e - 3 curare-tipped darts
Armour
 b - a +0 robe (worn)
 c - a +0 cloak (worn)
 l - an orb of energy
Jewellery
 k - a ring of protection from fire (left hand)
 r - an amulet of guardian spirit (around neck)
 t - an amulet of reflection
 v - a ring of protection from fire
Scrolls
 f - a scroll of immolation {unknown}
 h - 2 scrolls of vulnerability {unknown}
 i - a scroll of teleportation {unknown}
 j - 2 scrolls of identify {unknown}
 m - 2 scrolls of magic mapping {unknown}
 n - a scroll of acquirement {unknown}
 o - a scroll of fear {unknown}
 w - a scroll of butterflies {unknown}
Potions
 g - a potion of might {unknown}
 p - 2 potions of heal wounds {unknown}
 s - a potion of haste {unknown}
 u - a potion of curing {unknown}
 x - a potion of attraction {unknown}
 z - a potion of lignification {unknown}
 A - a potion of flight {unknown}


   Skills:
 - Level 2.1 Fighting
 + Level 9.8 Short Blades
 - Level 2.1 Throwing
 - Level 1.2 Dodging
 - Level 5.3 Stealth


You had 6 spell levels left.
You didn't know any spells.
Your spell library contained the following spells:

 Spells                   Type           Power      Damage    Failure   Level
 Dazzling Flash           Conj/Hex       0%         N/A       69%         3
 Iskenderun's Mystic Bla  Conj/Tloc      0%         2d3       97%         4
 Leda's Liquefaction      Hex/Erth       0%         N/A       97%         4
 Lee's Rapid Deconstruct  Erth           0%         3d5*      100%        5
 Starburst                Conj/Fire      0%         6d3       100%        6
 Statue Form              Tmut/Erth      0%         N/A       100%        6


Dungeon Overview and Level Annotations

Branches:
Dungeon (5/15)             Temple (1/1) D:4

Altars:
Cheibriados
Dithmenos
Elyvilon
Gozag
Hepliaklqana
Kikubaaqudgha
Makhleb
Nemelex Xobeh
Okawaru
Qazlal
Ru
Sif Muna
Trog
Uskayaw
Vehumet
Xom
Zin
The Shining One

Shops:
D:4 ?

Annotations:
D:3 2 transporters, audacious124's ghost, amateur DsIE
D:5 Blork the orc


Innate Abilities, Weirdness & Mutations

You are small and have problems with some larger weapons.
You are completely attuned to the shadows.


Message History

An orc priest comes into view. It is wielding a +0 flail.
An orc priest is nearby!
An orc comes into view. It is wielding a +0 mace of venom.
The orc misses you.
You closely miss the orc.
The orc shouts!
You hit the orc but do no damage. The orc hits you with a +0 dagger.
You hit the orc.
The orc is heavily wounded.
You completely miss the orc.
The orc is heavily wounded.
The orc closely misses you.
Blork the orc comes into view.
He is wielding a +0 scimitar.
A scorpion comes into view.
You hit the orc.
The orc is heavily wounded.
The orc priest closely misses you. The orc hits you but does no damage.
The orc hits you with a +0 mace of venom.
You are poisoned.
Blork the orc gestures wildly while chanting.
Blork the orc seems to speed up.
You feel very sick.
The orc priest casts a cantrip, but nothing happens.
The orc barely misses you. The orc attacks as you move away!
The orc barely misses you.
You feel very sick.
Blork the orc hits you with a +0 scimitar.
Blork the orc gestures at you while chanting.
The puff of frost hits you! The orc attacks as you move away!
The orc hits you but does no damage. Blork the orc attacks as you move away!
Blork the orc hits you with a +0 scimitar.
You feel sick.
The orc priest attacks as you move away!
The orc priest hits you with a +0 flail.
* * * LOW HITPOINT WARNING * * *
The orc attacks as you move away! The orc closely misses you.
You feel sick.
Blork the orc points at you and mumbles some strange words.
The puff of frost hits you!
You die...

####........#...##
#....#.....###
#......####.#
........#####
........##
.........#
.........##
......o...#
....soo.@.#
......o....#
...........#
.........##
.......##


You could see Blork the orc (fast), a scorpion, an orc priest and 2 orcs.

Vanquished Creatures
  A black bear (D:4)
  A phantom (D:4)
  A necrophage (D:4)
  A hound (D:4)
  A jelly (D:4)
  Jessica (D:3)
  Terence (D:2)
  An orc wizard (D:3)
  2 adders
  3 worms (D:2)
  2 dart slugs
  6 orcs
  10 endoplasms
  4 giant cockroaches
  7 goblins
  6 hobgoblins
  2 jackals (D:1)
  2 quokkas
  9 ball pythons
  7 bats
  8 frilled lizards
  8 kobolds
  5 rats
89 creatures vanquished.

Vanquished Creatures (others)
  3 plants (D:3)
3 creatures vanquished.

Grand Total: 92 creatures vanquished

Notes
Turn   | Place    | Note
-------+----------+-------------------------------------------
     0 | D:1      | Setbun the Kobold Brigand began the quest for the Orb.
     0 | D:1      | Reached XP level 1. HP: 12/12 MP: 1/1
   142 | D:1      | Reached skill level 3 in Short Blades
   285 | D:1      | Reached XP level 2. HP: 17/17 MP: 2/2
   429 | D:1      | Reached skill level 4 in Short Blades
   817 | D:1      | Reached XP level 3. HP: 21/21 MP: 3/3
   906 | D:1      | Found a faded altar of an unknown god.
  1713 | D:2      | Reached skill level 5 in Short Blades
  1780 | D:2      | Noticed Terence
  1784 | D:2      | Killed Terence
  1785 | D:2      | Reached XP level 4. HP: 26/26 MP: 4/4
  2293 | D:2      | Reached skill level 6 in Short Blades
  2592 | D:2      | Found a shimmering altar of Xom.
  2785 | D:3      | Reached XP level 5. HP: 28/30 MP: 5/5
  3408 | D:3      | Reached skill level 7 in Short Blades
  3499 | D:3      | Noticed Jessica
  3503 | D:3      | Killed Jessica
  3584 | D:3      | Found a transporter.
  3585 | D:3      | Noticed audacious124's ghost (amateur DsIE)
  3590 | D:3      | Found a transporter.
  3918 | D:3      | Found a white marble altar of Elyvilon.
  4177 | D:4      | Reached XP level 6. HP: 35/35 MP: 6/6
  4192 | D:4      | Reached skill level 8 in Short Blades
  4217 | D:4      | Found a staircase to the Ecumenical Temple.
  4237 | Temple   | Entered the Ecumenical Temple
  4240 | Temple   | Found a transporter.
  4240 | Temple   | Found a transporter.
  4242 | Temple   | Found a transporter.
  4242 | Temple   | Found a transporter.
  4337 | Temple   | Became a worshipper of Warmaster Okawaru
  4382 | D:4      | Noticed a black bear
  4386 | D:4      | Killed a black bear
  4387 | D:4      | Reached skill level 9 in Short Blades
  4387 | D:4      | Reached XP level 7. HP: 40/40 MP: 7/7
  4693 | D:4      | Found an ancient bone altar of Kikubaaqudgha.
  4823 | D:4      | Found a sparkling altar of Nemelex Xobeh.
  4840 | D:4      | Found Horo's Magic Scroll Shoppe.
  4957 | D:5      | Entered Level 5 of the Dungeon
  4958 | D:5      | Found a stormy altar of Qazlal.
  5012 | D:5      | Noticed Blork the orc
  5017 | D:5      | Killed from afar by Blork the orc

Illustrated notes

Levels and vault maps discovered:
D:1:      arrival_zaba_pyramid, layout_basic,
          hellmonk_ecumenical_altar_pennies_from_heaven, chequers_arboretum
D:2:      layout_rooms, basic_altar, uniq_terence
D:3:      layout_rooms, nicolae_elyvilon_temple_path, gammafunk_ghost_mausoleum,
          serial_co_window_serial, co_window_corner_a, co_window_paths_b,
          co_window_of_opportunity_a, co_window_corner_a, co_window_paths_b,
          co_window_paths_a, co_window_broadway_b, co_window_paths_c,
          co_window_corner_ca, co_window_2corner, glass_columns_a,
          glass_columns_b, glass_columns_a, glass_columns_a, glass_columns_a,
          uniq_jessica
D:4:      layout_loops_cross, nemelex_diamond_rough_becter,
          mainiacjoe_overflow_catwalk, minmay_temple_entry_slanted,
          serial_shops, shop_statue, hangedman_decor_slide_cut
D:5:      layout_cave_pods, lemuel_crystal_altar, uniq_eustachio,
          uniq_blork_the_orc, uniq_grinder
Temple:   hellmonk_temple_divided_pantheon

Skill      XL: |  1  2  3  4  5  6 |
---------------+-------------------+-----
Short Blades   | 3 4 5 6 7 9 |  9.8
Fighting       | |  2.1
Throwing       | |  2.1
Dodging        | |  1.2
Stealth        | |  5.3

Action                   |  1- 3 |  4- 6 |  7- 9 || total
-------------------------+-------+-------+-------++-------
Melee: Dagger            |    84 |       |       ||    84
       Short sword       |     1 |   107 |    26 ||   134
       Punch             |       |     1 |       ||     1
 Stab: Sleeping          |    18 |    18 |     7 ||    43
       Distracted        |     1 |       |       ||     1
Armor: Robe              |    15 |     8 |     2 ||    25
Dodge: Dodged            |    40 |    30 |    19 ||    89

Table legend: (Time is in decaauts)
 A = Elapsed time spent in this place.
 B = Non-inter-level travel time spent in this place.
 C = Inter-level travel time spent in this place.
 D = Time resting spent in this place.
 E = Time spent auto-exploring this place.
 F = Levels seen in this place.
 G = Mean time per level.
                   A        B        C        D        E       F      G
               +--------+--------+--------+--------+--------+-----+--------+
         Total |   4966 |   4828 |    138 |    645 |   3484 |   6 |  827.7 |
       Dungeon |   4838 |   4700 |    138 |    645 |   3447 |   5 |  967.6 |
        Temple |    127 |    127 |      0 |      0 |     37 |   1 |  127.0 |
               +--------+--------+--------+--------+--------+-----+--------+

Top non-repeatable levels by time:
     D:1: 1660 daAuts
     D:3: 1262 daAuts
     D:2: 1084 daAuts
     D:4: 773 daAuts
  Temple: 127 daAuts
     D:5: 57 daAuts
